 Dungeon Sprint DCSS version 0.25-a0-356-g7c9d860b3b (webtiles) character file.

Game seed: 14583729586040264974, levelgen mode: deterministic

73 Lanoc the Slasher (level 4, -18/42 HPs)
             Began as a Minotaur Berserker on Jan 3, 2020.
             Was a Believer of Trog.
             Demolished by a water elemental (19 damage)
             ... in the Dungeon (Sprint III: "The Ten Rune Challenge").
             The game lasted 00:00:48 (328 turns).

Lanoc the Slasher (Minotaur Berserker)               Turns: 328, Time: 00:00:49

Health: -18/42     AC:  4    Str: 22    XL:     4   Next: 8%
Magic:  3/3        EV: 13    Int:  4    God:    Trog [**....]
Gold:   0          SH:  0    Dex: 10    Spells: 3/3 levels left

rFire    . . .     SeeInvis .   a - +0 falchion
rCold    . . .     Gourm    .   (no shield)
rNeg     . . .     Faith    .   b - +0 animal skin
rPois    .         Spirit   .   (helmet restricted)
rElec    .         Reflect  .   m - +1 cloak
rCorr    .         Harm     .   (no gloves)
MR       .....     NoTele   +   (no boots)
Stlth    +.........             (no amulet)
HPRegen  0.14/turn              (no ring)
MPRegen  0.08/turn              (no ring)

@: engulfed (cannot breathe)
A: retaliatory headbutt, horns 2
a: Berserk, Trog's Hand, Renounce Religion


You were in the Dungeon.
You worshipped Trog.
Trog was pleased with you.
You were not hungry.

You visited 1 branch

Inventory:

Hand Weapons
 a - a +0 falchion (weapon)
Missiles
 l - 31 arrows
Armour
 b - a +0 animal skin (worn)
 m - a +1 cloak (worn)
Scrolls
 i - a scroll of blinking
Potions
 d - a potion of curing
 e - a potion of heal wounds
 f - a potion of haste
 g - 2 potions of magic
 h - a potion of berserk rage
 k - a potion of invisibility {unknown}
Comestibles
 c - a ration
 j - 4 chunks of flesh


   Skills:
 + Level 5.6 Fighting
 * Level 7.0 Long Blades
 + Level 4.8 Armour
 + Level 4.4 Dodging


You had 3 spell levels left.
You didn't know any spells.
Your spell library was empty.

Dungeon Overview and Level Annotations

Branches:
Dungeon (1/1)

Altars:


Innate Abilities, Weirdness & Mutations

You reflexively headbutt those who attack you in melee.
You have a pair of horns on your head.


Message History

The water elemental is heavily damaged.
The water elemental closely misses you.
You barely miss the water elemental.
Your headbutt misses the water elemental.
The water elemental is heavily damaged.
The water elemental hits you!
The water elemental engulfs you in water!
You hit the water elemental but do no damage.
You headbutt the water elemental!
The water elemental is almost destroyed.
Your lungs strain for air!
The water elemental hits you!
* * * LOW HITPOINT WARNING * * *
You cannot call out to Trog while unable to breathe.
You barely miss the water elemental.
The water elemental is almost destroyed.
* * * LOW HITPOINT WARNING * * *
Your lungs strain for air!
The water elemental hits you!!
You die...

▓▓ ▓▓▓ .# ... ♣.# .#
#.... ♣.# '####....♣ ♣.#
.÷..#....≈♣♣♣♣♣.###+#+##
....#...≈≈......#.......
....#..≈≈≈≈♣.♣..@E⌠.....
###'#..≈≈≈≈≈≈♣..#...####
...)#.≈≈≈≈≈≈)...#.⌠.#
....#.≈≈≈≈≈.....#...#
....#.≈≈≈.......#+###
#####...........#
................#
▓▓▓▓▓▓▓▓▓▓▓▓▓▓▓▓▓


You could see a water elemental.

Vanquished Creatures
  Crazy Yiuf (D)
  Jessica (D)
  A human (D)
  3 rats (D)
6 creatures vanquished.

Vanquished Creatures (others)
  2 draconian scorchers (D)
  6 hellions (D)
  2 yaktaurs (D)
10 creatures vanquished.

Grand Total: 16 creatures vanquished

Notes
Turn   | Place    | Note
-------+----------+-------------------------------------------
     0 | D        | Lanoc the Minotaur Berserker began the quest for the Orb.
     0 | D        | Reached XP level 1. HP: 19/19 MP: 0/0
     7 | D        | Reached skill level 4 in Long Blades
    14 | D        | Noticed Jessica
    16 | D        | Killed Jessica
    16 | D        | Reached ** piety under Trog
    16 | D        | Reached skill level 5 in Long Blades
    16 | D        | Reached XP level 2. HP: 26/28 MP: 1/1
    53 | D        | Reached skill level 5 in Fighting
    53 | D        | Reached skill level 6 in Long Blades
    53 | D        | Reached XP level 3. HP: 16/36 MP: 2/2
    87 | D        | Killed a yaktaur
   131 | D        | Killed a hellion
   132 | D        | Killed a hellion
   189 | D        | Killed a hellion
   198 | D        | Killed a white draconian scorcher
   207 | D        | Noticed Crazy Yiuf
   214 | D        | Killed a hellion
   218 | D        | Killed Crazy Yiuf
   218 | D        | Reached skill level 7 in Long Blades
   218 | D        | Reached XP level 4. HP: 39/42 MP: 0/3
   229 | D        | Killed a hellion
   239 | D        | Killed a hellion
   246 | D        | Killed a white draconian scorcher
   264 | D        | Killed a yaktaur
   323 | D        | Noticed a water elemental
   328 | D        | HP: 1/42 [drowned by a water elemental (5)]
   328 | D        | Demolished by a water elemental

Levels and vault maps discovered:
D:        dungeon_sprint_mu [sprint_mu_entry_forest, sprint_mu_temple_rooms,
          sprint_mu_d1_horrors, sprint_mu_d2_genie, sprint_mu_d3_branching,
          sprint_mu_orc_legion, sprint_mu_elf_gauntlet, sprint_mu_hive_nellie,
          sprint_mu_lair_fedhas, sprint_mu_vaults_butterflies,
          sprint_mu_slime_circle, sprint_mu_swamp_cave, sprint_mu_snake_twists,
          sprint_mu_blade_basic, sprint_mu_crypt_chambers,
          sprint_mu_tomb_spiral, sprint_mu_vestibule_basic,
          sprint_mu_gehenna_hellfire, sprint_mu_dis_giant,
          sprint_mu_tartarus_statrot, sprint_mu_cocytus_islands, sprint_mu_zot1]

Skill      XL: |  1  2  3 |
---------------+----------+-----
Long Blades    | 5 6 7 |  7.0
Fighting       | 4 5 |  5.6
Armour         | 3 4 |  4.8
Dodging        | 3 4 |  4.4

Action                   |  1- 3 |  4- 6 || total
-------------------------+-------+-------++-------
Melee: Falchion          |    17 |     4 ||    21
       Headbutt          |     1 |     1 ||     2
Invok: Berserk           |     1 |       ||     1
Armor: Animal skin       |     1 |       ||     1
Dodge: Dodged            |     9 |     2 ||    11
       Rpst.: Falchion   |     3 |     1 ||     4

Table legend:
 A = Non-vault XP
 B = Vault XP
 C = Vault XP percentage of total XP
 D = Non-vault monster count
 E = Vault monster count
 F = Vault count percentage of total count
                 A         B        C        D         E       F
            +---------+---------+-------+---------+---------+-------
      Total |       0 |     105 | 100.0 |       0 |       6 | 100.0
            +---------+---------+-------+---------+---------+-------
          D |       0 |     105 | 100.0 |       0 |       6 | 100.0
            +---------+---------+-------+---------+---------+-------
